| TOP OF THE 1ST |
|
Coastal Carolina University Chanticleers batting - Pitching for University of Conneticut Huskies : RHP Dave Cobos
|
|
Pitching: RHP Dave Cobos
|
|
|
Batting: RHB Tatsunori Ishigaki
|
0-0: Foul Ball, location: 2F 0-1: Ball 1-1: Swinging Strike 1-2: Ball 2-2: Ball 3-2: Base on Balls
|
|
Batting: RHB Dennis Bennett
|
0-0: Ball 1-0: Called Strike Tatsunori Ishigaki is caught stealing 2nd base 2-4 1-1: Ground out 3-1 (Groundball, 34S, EV 82.5 MPH)
|
|
Batting: LHB Orlando Hurtado
|
0-0: Ball 1-0: Swinging Strike 1-1: Foul Ball, location: 2F 1-2: Foul Ball, location: 2F 1-2: Hit by Pitch
|
|
Batting: RHB Isaac Washington
|
0-0: Ball 1-0: Called Strike 1-1: Swinging Strike 1-2: Strikes out swinging
|
| Top of the 1st over - 0 runs, 0 hits, 0 errors, 1 left on base; Coastal Carolina University 0 - University of Conneticut 0 |
| BOTTOM OF THE 1ST |
|
University of Conneticut Huskies batting - Pitching for Coastal Carolina University Chanticleers : RHP Pedro Delgado
|
|
Pitching: RHP Pedro Delgado
|
|
|
Batting: RHB Kyle Finney
|
0-0: Ball 1-0: Foul Ball, location: 2F 1-1: Called Strike 1-2: Foul Ball, location: 2F 1-2: Ball 2-2: Ground out 6-3 (Groundball, 6, EV 81.2 MPH)
|
|
Batting: LHB Andrew Barzee
|
0-0: Swinging Strike 0-1: Called Strike 0-2: Ground out 6-3 (Groundball, 6MD, EV 80.6 MPH)
|
|
Batting: LHB Greg James
|
0-0: Ball 1-0: Swinging Strike 1-1: Fly out, F8 (Flyball, 8LS, EV 76.2 MPH)
|
| Bottom of the 1st over - 0 runs, 0 hits, 0 errors, 0 left on base; Coastal Carolina University 0 - University of Conneticut 0 |
| TOP OF THE 2ND |
|
Coastal Carolina University Chanticleers batting - Pitching for University of Conneticut Huskies : RHP Dave Cobos
|
|
Batting: RHB Alex Montiel
|
0-0: Called Strike 0-1: Called Strike 0-2: Foul Ball, location: 2F 0-2: Strikes out swinging
|
|
Batting: RHB Mark Tart
|
0-0: Called Strike 0-1: Called Strike 0-2: Ball 1-2: Ball 2-2: Ball 3-2: Base on Balls
|
|
Batting: LHB Justin Sanders
|
Balk! Mark Tart to second 0-0: Called Strike 0-1: Ball 1-1: Swinging Strike 1-2: Strikes out looking
|
|
Batting: RHB Oscar Hernandez
|
0-0: Called Strike 0-1: Ball 1-1: Foul Ball, location: 2F 1-2: Ball 2-2: Ball 3-2: Ground out 5-3 (Groundball, 56S, EV 90.6 MPH)
|
| Top of the 2nd over - 0 runs, 0 hits, 0 errors, 1 left on base; Coastal Carolina University 0 - University of Conneticut 0 |
| BOTTOM OF THE 2ND |
|
University of Conneticut Huskies batting - Pitching for Coastal Carolina University Chanticleers : RHP Pedro Delgado
|
|
Batting: LHB Jonathan Sica
|
0-0: Foul Ball, location: 2F 0-1: Foul Ball, location: 2F 0-2: Ball 1-2: Foul Ball, location: 2F 1-2: Ball 2-2: Foul Ball, location: 2F 2-2: Ball 3-2: Hit by Pitch
|
|
Batting: LHB Hector Acosta
|
0-0: Called Strike 0-1: Called Strike 0-2: Ball 1-2: Ball 2-2: DOUBLE (Flyball, 8RXD, EV 105.6 MPH) Jonathan Sica to third
|
|
Batting: RHB Cullen Elliott
|
0-0: Ball 1-0: Foul Ball, location: 2F 1-1: Foul Ball, location: 2F 1-2: Ball 2-2: Foul Ball, location: 2F 2-2: Strikes out swinging
|
|
Batting: RHB Dave Cobos
|
0-0: Ground out 4-3 (Groundball, 4, EV 98.1 MPH)
|
|
Batting: LHB Omar Alba
|
0-0: Ball 1-0: Fly out, F3 (Line Drive, 3L, EV 70.6 MPH)
|
| Bottom of the 2nd over - 0 runs, 1 hit, 0 errors, 2 left on base; Coastal Carolina University 0 - University of Conneticut 0 |
| TOP OF THE 3RD |
|
Coastal Carolina University Chanticleers batting - Pitching for University of Conneticut Huskies : RHP Dave Cobos
|
|
Batting: RHB Rene Napoles
|
0-0: Ground out 6-3 (Groundball, 6, EV 85.6 MPH)
|
|
Batting: RHB Tatsunori Ishigaki
|
0-0: Ball 1-0: SINGLE (Line Drive, 4M, EV 96.9 MPH)
|
|
Batting: RHB Dennis Bennett
|
0-0: Ball 1-0: Foul Ball, location: 2F 1-1: Foul Ball, location: 2F 1-2: Ball Tatsunori Ishigaki is caught stealing 2nd base 2-4 2-2: Strikes out looking
|
| Top of the 3rd over - 0 runs, 1 hit, 0 errors, 0 left on base; Coastal Carolina University 0 - University of Conneticut 0 |
| BOTTOM OF THE 3RD |
|
University of Conneticut Huskies batting - Pitching for Coastal Carolina University Chanticleers : RHP Pedro Delgado
|
|
Batting: RHB Jack Vokey
|
0-0: DOUBLE (Flyball, 78D, EV 100.6 MPH)
|
|
Batting: RHB Kyle Finney
|
0-0: Ball 1-0: Ball 2-0: Ground out 6-3 (Groundball, 6, EV 85.6 MPH)
|
|
Batting: LHB Andrew Barzee
|
0-0: Called Strike 0-1: Ball 1-1: Foul Ball, location: 2F 1-2: Ball 2-2: Foul Ball, location: 2F 2-2: Ball 3-2: Base on Balls
|
|
Batting: LHB Greg James
|
0-0: Called Strike 0-1: Ball 1-1: Ball 2-1: Foul Ball, location: 2F 2-2: Ball 3-2: Strikes out swinging
|
|
Batting: LHB Jonathan Sica
|
0-0: Ball 1-0: Reached on error, E3 (Groundball, 34, EV 96.9 MPH) Jack Vokey scores Andrew Barzee to third
|
|
Batting: LHB Hector Acosta
|
0-0: Ball 1-0: Ball 2-0: Ball 3-0: Called Strike 3-1: Ground out 4-3 (Groundball, 4D, EV 101.2 MPH)
|
| Bottom of the 3rd over - 1 run, 1 hit, 1 error, 2 left on base; Coastal Carolina University 0 - University of Conneticut 1 |
| TOP OF THE 4TH |
|
Coastal Carolina University Chanticleers batting - Pitching for University of Conneticut Huskies : RHP Dave Cobos
|
|
Batting: LHB Orlando Hurtado
|
0-0: Reached on error, E5 (Groundball, 56S, EV 81.9 MPH)
|
|
Batting: RHB Isaac Washington
|
0-0: Ball 1-0: Called Strike 1-1: Foul Ball, location: 2F 1-2: Strikes out swinging
|
|
Batting: RHB Alex Montiel
|
0-0: Fly out, F2 (Popup, 3SF, EV 71.9 MPH)
|
|
Batting: RHB Mark Tart
|
0-0: Called Strike 0-1: Fly out, F9 (Line Drive, 89M, EV 91.9 MPH)
|
| Top of the 4th over - 0 runs, 0 hits, 1 error, 1 left on base; Coastal Carolina University 0 - University of Conneticut 1 |
| BOTTOM OF THE 4TH |
|
University of Conneticut Huskies batting - Pitching for Coastal Carolina University Chanticleers : RHP Pedro Delgado
|
|
Batting: RHB Cullen Elliott
|
0-0: Ball 1-0: Ball 2-0: Called Strike 2-1: Ball 3-1: Called Strike 3-2: Strikes out swinging
|
|
Batting: RHB Dave Cobos
|
0-0: Ball 1-0: Called Strike 1-1: Fly out, F5 (Line Drive, 5, EV 69.4 MPH)
|
|
Batting: LHB Omar Alba
|
0-0: Ball 1-0: Called Strike 1-1: Ball 2-1: Ground out 4-3 (Groundball, 4, EV 80.0 MPH)
|
| Bottom of the 4th over - 0 runs, 0 hits, 0 errors, 0 left on base; Coastal Carolina University 0 - University of Conneticut 1 |
| TOP OF THE 5TH |
|
Coastal Carolina University Chanticleers batting - Pitching for University of Conneticut Huskies : RHP Dave Cobos
|
|
Batting: LHB Justin Sanders
|
0-0: Ball 1-0: Foul Ball, location: 2F 1-1: Swinging Strike 1-2: Ball 2-2: Strikes out swinging
|
|
Batting: RHB Oscar Hernandez
|
0-0: Called Strike 0-1: Ball 1-1: Ball 2-1: Ball 3-1: Called Strike 3-2: Foul Ball, location: 2F 3-2: SINGLE (Groundball, 34D, EV 105.6 MPH)
|
|
Batting: RHB Rene Napoles
|
0-0: Called Strike 0-1: Ball 1-1: Swinging Strike 1-2: Strikes out looking
|
|
Batting: RHB Tatsunori Ishigaki
|
0-0: Called Strike 0-1: Ball 1-1: Ball 2-1: Called Strike 2-2: Foul Ball, location: 2F 2-2: Strikes out looking
|
| Top of the 5th over - 0 runs, 1 hit, 0 errors, 1 left on base; Coastal Carolina University 0 - University of Conneticut 1 |
| BOTTOM OF THE 5TH |
|
University of Conneticut Huskies batting - Pitching for Coastal Carolina University Chanticleers : RHP Pedro Delgado
|
|
Batting: RHB Jack Vokey
|
0-0: Ball 1-0: Ball 2-0: Foul Ball, location: 2F 2-1: Called Strike 2-2: Foul Ball, location: 2F 2-2: Ball 3-2: Base on Balls
|
|
Pitching: RHP Dennis Margolis
|
|
|
Batting: RHB Kyle Finney
|
0-0: Ball 1-0: Called Strike 1-1: Ball 2-1: Ball 3-1: Called Strike 3-2: SINGLE (Groundball, 56S, EV 66.9 MPH) (infield hit) Jack Vokey to second
|
|
Batting: LHB Andrew Barzee
|
0-0: Ball 1-0: Called Strike 1-1: Ball 2-1: SINGLE (Groundball, P, EV 81.2 MPH) (infield hit) Jack Vokey to third Kyle Finney to second
|
|
Batting: LHB Greg James
|
0-0: Ball Wild Pitch! Jack Vokey scores Kyle Finney to third Andrew Barzee to second 1-0: Ball 2-0: Called Strike 2-1: Foul Ball, location: 2F 2-2: Ball 3-2: Foul Ball, location: 2F 3-2: Ground out U3 (Groundball, 34, EV 106.2 MPH) Kyle Finney scores Andrew Barzee to third
|
|
Batting: LHB Jonathan Sica
|
0-0: Ball 1-0: DOUBLE (Flyball, 8RXD, EV 105.0 MPH) Andrew Barzee scores
|
|
Batting: LHB Hector Acosta
|
0-0: Foul Ball, location: 2F 0-1: Fly out, F9 (Flyball, 89M, EV 77.5 MPH)
|
|
Batting: RHB Cullen Elliott
|
0-0: Intentional Walk
|
|
Batting: RHB Dave Cobos
|
0-0: Called Strike 0-1: Called Strike 0-2: Ball 1-2: Ball 2-2: Ball 3-2: Base on Balls Jonathan Sica to third Cullen Elliott to second
|
|
Batting: LHB Omar Alba
|
0-0: Ball 1-0: Called Strike 1-1: Ball 2-1: Ball 3-1: Swinging Strike 3-2: DOUBLE (Line Drive, 3D, EV 97.5 MPH) Jonathan Sica scores Cullen Elliott scores Dave Cobos to third Dave Cobos scores
|
|
Pitching: RHP Moises Santos
|
|
|
Batting: RHB Jack Vokey
|
0-0: Ball 1-0: Ball 2-0: Called Strike 2-1: Called Strike 2-2: Strikes out swinging
|
| Bottom of the 5th over - 6 runs, 4 hits, 0 errors, 1 left on base; Coastal Carolina University 0 - University of Conneticut 7 |
| TOP OF THE 6TH |
|
Coastal Carolina University Chanticleers batting - Pitching for University of Conneticut Huskies : RHP Dave Cobos
|
|
Pitching: RHP Hector Guerra
|
|
|
Batting: RHB Dennis Bennett
|
0-0: Swinging Strike 0-1: Foul Ball, location: 2F 0-2: Foul Ball, location: 2F 0-2: Ball 1-2: Ball 2-2: Foul Ball, location: 2F 2-2: Strikes out swinging
|
|
Batting: LHB Orlando Hurtado
|
0-0: Foul Ball, location: 2F 0-1: Ball 1-1: Fly out, F4 (Popup, 4M, EV 70.0 MPH)
|
|
Batting: RHB Isaac Washington
|
0-0: SINGLE (Line Drive, 89M, EV 105.6 MPH)
|
|
Batting: RHB Alex Montiel
|
0-0: Ground out 4-3 (Groundball, 4, EV 83.1 MPH)
|
| Top of the 6th over - 0 runs, 1 hit, 0 errors, 1 left on base; Coastal Carolina University 0 - University of Conneticut 7 |
| BOTTOM OF THE 6TH |
|
University of Conneticut Huskies batting - Pitching for Coastal Carolina University Chanticleers : RHP Moises Santos
|
|
Batting: RHB Kyle Finney
|
0-0: Ball 1-0: SINGLE (Line Drive, 4D, EV 95.6 MPH)
|
|
Batting: LHB Andrew Barzee
|
0-0: SINGLE (Line Drive, 8LS, EV 93.1 MPH) Kyle Finney to second Runner from 2nd tries for 3rd, SAFE, throw by CF made to third
|
|
Batting: LHB Greg James
|
0-0: Called Strike 0-1: Ball 1-1: Called Strike Andrew Barzee steals 2nd base 1-2: Foul Ball, location: 2F 1-2: Ball 2-2: Strikes out looking
|
|
Batting: LHB Jonathan Sica
|
0-0: Swinging Strike 0-1: Ball 1-1: Called Strike 1-2: Strikes out looking
|
|
Batting: LHB Hector Acosta
|
0-0: Called Strike 0-1: Fly out, F5 (Popup, 5SF, EV 89.4 MPH)
|
| Bottom of the 6th over - 0 runs, 2 hits, 0 errors, 2 left on base; Coastal Carolina University 0 - University of Conneticut 7 |
| TOP OF THE 7TH |
|
Coastal Carolina University Chanticleers batting - Pitching for University of Conneticut Huskies : RHP Hector Guerra
|
|
Batting: RHB Mark Tart
|
0-0: Ground out 6-3 (Groundball, 6, EV 85.6 MPH)
|
|
Batting: LHB Justin Sanders
|
0-0: Ball 1-0: Ball 2-0: Foul Ball, location: 2F 2-1: Swinging Strike 2-2: Strikes out swinging
|
|
Batting: RHB Oscar Hernandez
|
0-0: Ground out 1-3 (Groundball, 13S, EV 69.4 MPH)
|
| Top of the 7th over - 0 runs, 0 hits, 0 errors, 0 left on base; Coastal Carolina University 0 - University of Conneticut 7 |
| BOTTOM OF THE 7TH |
|
University of Conneticut Huskies batting - Pitching for Coastal Carolina University Chanticleers : RHP Moises Santos
|
|
Batting: RHB Cullen Elliott
|
0-0: Ball 1-0: Swinging Strike 1-1: Ball 2-1: Ground out 6-3 (Groundball, 56, EV 87.5 MPH)
|
|
Batting: RHB Dave Cobos
|
0-0: Ball 1-0: SINGLE (Groundball, 4MD, EV 104.4 MPH)
|
|
Batting: LHB Omar Alba
|
0-0: Called Strike 0-1: Called Strike 0-2: Fielders Choice at 2nd, 4-6 (Groundball, 4M, EV 93.1 MPH)
|
|
Batting: RHB Jack Vokey
|
0-0: Ball 1-0: Fly out, F8 (Flyball, 8LM, EV 81.9 MPH)
|
| Bottom of the 7th over - 0 runs, 1 hit, 0 errors, 1 left on base; Coastal Carolina University 0 - University of Conneticut 7 |
| TOP OF THE 8TH |
|
Coastal Carolina University Chanticleers batting - Pitching for University of Conneticut Huskies : RHP Hector Guerra
|
|
Batting: RHB Rene Napoles
|
0-0: Foul Ball, location: 2F 0-1: Called Strike 0-2: Strikes out swinging
|
|
Batting: RHB Tatsunori Ishigaki
|
0-0: Ground out 3-1 (Groundball, 34, EV 83.8 MPH)
|
|
Pinch Hitting: LHB Nate Kokx
|
0-0: Foul Ball, location: 2F 0-1: Ball 1-1: Fly out, F8 (Line Drive, 8LM, EV 96.9 MPH)
|
| Top of the 8th over - 0 runs, 0 hits, 0 errors, 0 left on base; Coastal Carolina University 0 - University of Conneticut 7 |
| BOTTOM OF THE 8TH |
|
University of Conneticut Huskies batting - Pitching for Coastal Carolina University Chanticleers : RHP Moises Santos
|
|
Now in LF: Chris McDaniel
|
|
|
Batting: RHB Kyle Finney
|
0-0: Foul Ball, location: 2F 0-1: Ball 1-1: SINGLE (Line Drive, 8RS, EV 99.4 MPH)
|
|
Pitching: LHP David Medina
|
|
|
Batting: LHB Andrew Barzee
|
0-0: Fielders Choice at 2nd, 1-4 (Groundball, 15S, EV 70.6 MPH)
|
|
Pinch Hitting: RHB Victor Ramos
|
0-0: Fly out, F8 (Flyball, 8LD, EV 96.9 MPH)
|
|
Batting: LHB Jonathan Sica
|
0-0: Ball Andrew Barzee is caught stealing 2nd base 2-6
|
| Bottom of the 8th over - 0 runs, 1 hit, 0 errors, 0 left on base; Coastal Carolina University 0 - University of Conneticut 7 |
| TOP OF THE 9TH |
|
Coastal Carolina University Chanticleers batting - Pitching for University of Conneticut Huskies : RHP Hector Guerra
|
|
Now in RF: Victor Ramos
|
|
|
Batting: LHB Orlando Hurtado
|
0-0: Ball 1-0: Swinging Strike 1-1: Swinging Strike 1-2: Ball 2-2: Ball 3-2: Fly out, F8 (Flyball, 8LXD, EV 105.0 MPH)
|
|
Batting: RHB Isaac Washington
|
0-0: Foul Ball, location: 2F 0-1: Ball 1-1: Called Strike 1-2: Ball 2-2: Ball 3-2: Strikes out swinging
|
|
Batting: RHB Alex Montiel
|
0-0: Ball 1-0: Ball 2-0: Ball 3-0: Base on Balls
|
|
Batting: RHB Mark Tart
|
0-0: Ball 1-0: Called Strike 1-1: Ground out 6-3 (Groundball, 6MS, EV 88.1 MPH)
|
| Top of the 9th over - 0 runs, 0 hits, 0 errors, 1 left on base; Coastal Carolina University 0 - University of Conneticut 7 |
|